 Dungeon Crawl Stone Soup version 0.25-a0-448-g1f46b9f714 (webtiles) character file.

Game seed: 11997825311748828419, levelgen mode: deterministic

149 kae the Chopper (level 5, -1/45 HPs)
             Began as a Minotaur Fighter on Jan 31, 2020.
             Slain by a gnoll
             ... wielding a +0 club
              (7 damage)
             ... on level 4 of the Dungeon.
             The game lasted 00:00:57 (1924 turns).

kae the Chopper (Minotaur Fighter)                  Turns: 1924, Time: 00:00:57

Health: -1/45      AC:  6    Str: 22    XL:     5   Next: 9%
Magic:  4/4        EV:  7    Int:  5    God:
Gold:   194        SH:  9    Dex:  9    Spells: 4/4 levels left

rFire    . . .     SeeInvis .   a - +0 war axe
rCold    . . .     Gourm    .   c - +0 shield
rNeg     . . .     Faith    .   b - +0 scale mail
rPois    .         Spirit   .   (helmet restricted)
rElec    .         Reflect  .   (no cloak)
rCorr    .         Harm     .   (no gloves)
MR       .....                  (no boots)
Stlth    ..........             (no amulet)
HPRegen  0.15/turn              (no ring)
MPRegen  0.09/turn              (no ring)

@: no status effects
A: retaliatory headbutt, horns 2
a: no special abilities


You were on level 4 of the Dungeon.
You were not hungry.

You visited 1 branch of the dungeon, and saw 4 of its levels.

You collected 194 gold pieces.

Inventory:

Hand Weapons
 a - a +0 war axe (weapon)
Armour
 b - a +0 scale mail (worn)
 c - a +0 shield (worn)
Jewellery
 h - a +3 amulet of reflection {unknown}
 p - an uncursed amulet of faith {unknown}
 t - an uncursed ring of protection from fire {unknown}
 u - an uncursed ring of protection from magic {unknown}
Wands
 r - a wand of random effects (9)
Scrolls
 e - a scroll of fear {unknown}
 i - 3 scrolls of identify {unknown}
 m - 4 scrolls of teleportation {unknown}
 n - 2 scrolls of remove curse {unknown}
 q - a scroll of magic mapping {unknown}
 w - a scroll of enchant weapon {unknown}
Potions
 d - 2 potions of might
 g - a potion of haste {unknown}
 j - a potion of curing {unknown}
 k - a potion of ambrosia {unknown}
 l - 2 potions of magic {unknown}
 o - a potion of agility {unknown}
 s - 2 potions of lignification {unknown}
 v - a potion of flight {unknown}
Comestibles
 f - 7 rations


   Skills:
 - Level 3.6 Fighting
 + Level 6.4 Axes
 - Level 3.6 Armour
 - Level 3.6 Shields


You had 4 spell levels left.
You didn't know any spells.
Your spell library was empty.

Dungeon Overview and Level Annotations

Branches:
Dungeon (4/15)
 Temple: D:4-7

Altars:


Innate Abilities, Weirdness & Mutations

You reflexively headbutt those who attack you in melee.
You have a pair of horns on your head.


Message History

An orc wizard comes into view. It is wielding a +0 dagger.
You block the orc's attack.
A frilled lizard comes into view.
The frilled lizard hisses angrily.
You hear a shout!
The gnoll hits you from afar with a +0 halberd!
* * * LOW HITPOINT WARNING * * *
The orc wizard casts a spell.
The orc wizard flickers and vanishes!
Deactivating autopickup; reactivate with Ctrl-A.
An orc comes into view. It is wielding a +0 trident.
The orc shouts!
The orc moves out of view.
An orc comes into view. It is wielding a +0 flail.
The orc shouts!
The orc hits you but does no damage.
The gnoll hits you from afar with a +0 halberd.
* * * LOW HITPOINT WARNING * * *
There is a stone staircase leading up here.
The gnoll hits you with a +0 club!
You die...

....# #.# #.#.# #.#
#.#.# #.# ##.#
#.#.# # .. ..#
##.#.####.## ..
..###....#...... #.
#.#.g.Z.........
#..#.#.#....#.##..#
#.##.#@#.##.#.# #
#......g.g.)#.#
......#..........#
#####..#######..##
#.. #..# #.. ...#
#.. .... #.. ## ##.


You could see 2 gnolls.

Vanquished Creatures
  A bullfrog zombie (D:2)
  A gnoll (D:4)
  2 adders (D:2)
  An ooze (D:1)
  A worm (D:2)
  3 dart slugs (D:1)
  A leopard gecko (D:2)
  8 bats
  4 giant cockroaches
  10 goblins
  6 hobgoblins
  9 jackals
  6 kobolds
  2 quokkas
  A ball python (D:1)
  3 frilled lizards
  13 rats
72 creatures vanquished.

Notes
Turn   | Place    | Note
-------+----------+-------------------------------------------
     0 | D:1      | kae the Minotaur Fighter began the quest for the Orb.
     0 | D:1      | Reached XP level 1. HP: 19/19 MP: 0/0
    28 | D:1      | Reached skill level 3 in Axes
    82 | D:1      | Reached XP level 2. HP: 25/26 MP: 1/1
   184 | D:1      | Reached skill level 4 in Axes
   274 | D:1      | Reached XP level 3. HP: 21/31 MP: 2/2
   720 | D:2      | Reached skill level 5 in Axes
   720 | D:2      | Reached XP level 4. HP: 28/39 MP: 3/3
   952 | D:2      | Reached skill level 6 in Axes
  1670 | D:3      | Reached XP level 5. HP: 41/45 MP: 4/4
  1924 | D:4      | Slain by a gnoll

Levels and vault maps discovered:
D:1:      dpeg_arrival_ratfight, layout_loops_ring, minmay_cut_off
D:2:      layout_loops_ring, first_ration, chequers_arboretum
D:3:      layout_basic, hangedman_decor_diamond_cutter
D:4:      layout_loops_ring, bloody_trog, serial_shops, kennysheep_mini,
          fedhas_altar_3

Skill      XL: |  1  2  3  4 |
---------------+-------------+-----
Axes           | 3 4 5 6 |  6.4
Fighting       | |  3.6
Armour         | |  3.6
Shields        | |  3.6

Action                   |  1- 3 |  4- 6 || total
-------------------------+-------+-------++-------
Melee: War axe           |    78 |    75 ||   153
       Headbutt          |    12 |     8 ||    20
  Eat: Chunk             |       |     3 ||     3
Armor: Scale mail        |    35 |    29 ||    64
Dodge: Dodged            |    14 |    15 ||    29
Block: Shield            |    40 |    30 ||    70

Table legend:
 A = Non-vault XP
 B = Vault XP
 C = Vault XP percentage of total XP
 D = Non-vault monster count
 E = Vault monster count
 F = Vault count percentage of total count
                 A         B        C        D         E       F
            +---------+---------+-------+---------+---------+-------
      Total |     203 |      11 |   5.1 |      64 |       8 |  11.1
            +---------+---------+-------+---------+---------+-------
        D:1 |      58 |      11 |  15.9 |      29 |       8 |  21.6
        D:2 |     110 |       0 |   0.0 |      22 |       0 |   0.0
        D:3 |      21 |       0 |   0.0 |      12 |       0 |   0.0
        D:4 |      14 |       0 |   0.0 |       1 |       0 |   0.0
            +---------+---------+-------+---------+---------+-------
